 Dungeon Crawl Stone Soup version 0.30.1-4-g462c640d31 (webtiles) character file.

Game seed: 4014998530038723074

266 FlameLavo the Poker (level 6, -3/55 HPs)
             Began as a Minotaur Berserker on Sept 6, 2023.
             Was a Believer of Trog.
             Slain by a gnoll
             ... wielding a +1 flail of distortion
              (5 damage)
             ... on level 5 of the Dungeon.
             The game lasted 00:18:25 (2257 turns).

FlameLavo the Poker (Minotaur Berserker)            Turns: 2257, Time: 00:18:26

Health: -3/55      AC:  5    Str: 21    XL:     6   Next: 0%
Magic:  5/5        EV: 12    Int:  4    God:    Trog [**....]
Gold:   178        SH:  0    Dex: 12    Spells: 5/5 levels left

rFire   . . .        a - +0 spear
rCold   . . .        (no shield)
rNeg    . . .        j - +0 ring mail
rPois   .            (helmet restricted)
rElec   .            (no cloak)
rCorr   .            (no gloves)
SInv    .            (no boots)
Will    .....        (no amulet)
Stlth   +            (no ring)
HPRegen 0.29/turn    (no ring)
MPRegen 0.09/turn

%: no passive effects
@: mighty, brilliant
A: horns 2, retaliatory headbutt
a: Renounce Religion, Berserk, Trog's Hand


You were on level 5 of the Dungeon.
You worshipped Trog.
Trog was pleased with you.
You visited 1 branch of the dungeon, and saw 5 of its levels.

You collected 178 gold pieces.

Inventory:

Hand Weapons
 a - a +0 spear (weapon)
 m - a +0 sling
Missiles
 n - 10 stones
 p - 2 poisoned darts
Armour
 b - a +0 animal skin
 i - a +0 leather armour
 j - a +0 ring mail (worn)
 s - a +0 chain mail
Magical Staves
 l - a staff of cold
Scrolls
 c - a scroll of teleportation {unknown}
 e - a scroll of fear {unknown}
 f - a scroll of enchant armour {unknown}
 g - a scroll of identify {unknown}
 h - a scroll of immolation {unknown}
 q - a scroll of enchant weapon {unknown}
 r - a scroll of brand weapon {unknown}
 t - a scroll of blinking {unknown}
Potions
 d - a potion of curing {unknown}
 k - a potion of might
 o - a potion of flight {unknown}


   Skills:
 + Level 4.9 Fighting
 + Level 5.7 Polearms
 + Level 3.7 Armour
 + Level 3.6 Dodging
 + Level 0.5 Stealth


You had 5 spell levels left.
You didn't know any spells.
Your spell library contained the following spells:

 Spells                   Type           Power      Damage    Failure   Level
 Kiss of Death            Conj/Necr      0%         2d5       67%         1
 Magic Dart               Conj           0%         1d3       67%         1
 Searing Ray              Conj           0%         2d4       80%         2
 Confusing Touch          Hex            0%         N/A       95%         3
 Dazzling Flash           Conj/Hex       0%         N/A       95%         3
 Volatile Blastmotes      Fire/Tloc      0%         2d10      95%         3
 Dispel Undead            Necr           0%         3d6       100%        4
 Fulminant Prism          Conj/Hex       0%         3d5       100%        4
 Iskenderun's Mystic Bla  Conj/Tloc      0%         2d3       100%        4
 Starburst                Conj/Fire      0%         6d3       100%        6


Dungeon Overview and Level Annotations

Branches:
Dungeon (5/15)
 Temple: D:4-7

Altars:
Yredelemnul


Innate Abilities, Weirdness & Mutations

You have a pair of horns on your head.
You reflexively headbutt those who attack you in melee.


Message History

You barely miss the iguana.
The iguana is heavily wounded.
The iguana closely misses you. The gnoll closely misses you. x2
You hit the iguana but do no damage.
The iguana is heavily wounded.
You hit the iguana but do no damage.
You headbutt the iguana, but do no damage.
The iguana is heavily wounded.
The iguana bites you!
* * * LOW HITPOINT WARNING * * *
The gnoll hits you but does no damage. x2; Space warps around you.
* * * LOW HITPOINT WARNING * * *
The iguana bites you.
* * * LOW HITPOINT WARNING * * *
There are monsters nearby!
It was a potion of brilliance.
You feel clever all of a sudden. The iguana barely misses you.
The gnoll closely misses you. The gnoll barely misses you.
The gnoll hits you with a +1 flail of distortion.
* * * LOW HITPOINT WARNING * * *
You blink.
You see here an iguana skeleton.
You open the door.
There is an open door here.
There's nothing to close nearby.
You close the door.
The gnoll hits you from afar with a +0 spear.
* * * LOW HITPOINT WARNING * * *
The gnoll hits you from afar with a +0 spear.
* * * LOW HITPOINT WARNING * * *
The gnoll attacks as you move away!
The gnoll hits you with a +1 flail of distortion.
* * * LOW HITPOINT WARNING * * *
Space warps around you.
* * * LOW HITPOINT WARNING * * *
It was a potion of might.
You feel very mighty all of a sudden.
The gnoll hits you with a +1 flail of distortion.
You die...

####......###
##.......#
#.......#
#####.......#
#...........#
#....gg.....#
#....l#.#####
#....g###
#....@#
#.....#
#.....#
#.....#
#######


You could see an iguana and 3 gnolls.

Vanquished Creatures
  A scorpion (D:4)
  A howler monkey (D:4)
  An iguana (D:5)
  An orc wizard (D:3)
  4 gnolls (D:4)
  2 adders
  2 worms
  2 dart slugs (D:1)
  4 orcs
  4 ball pythons
  5 endoplasms (D:1)
  3 giant cockroaches
  3 goblins
  8 hobgoblins
  2 quokkas (D:3)
  A frilled lizard (D:2)
  6 kobolds
  4 rats
54 creatures vanquished.

Notes
Turn   | Place    | Note
-------+----------+-------------------------------------------
     0 | D:1      | FlameLavo the Minotaur Berserker began the quest for the
                  | Orb.
     0 | D:1      | Reached XP level 1. HP: 19/19 MP: 0/0
   103 | D:1      | Reached XP level 2. HP: 25/27 MP: 1/1
   114 | D:1      | Reached skill level 4 in Polearms
   428 | D:2      | Reached XP level 3. HP: 33/33 MP: 2/2
   431 | D:2      | Reached ** piety under Trog
   570 | D:3      | Agh
   912 | D:3      | Reached XP level 4. HP: 10/41 MP: 3/3
  1323 | D:4      | Reached skill level 5 in Polearms
  1328 | D:4      | HP: 1/41 [gnoll/+0 halberd (10)]
  1473 | D:4      | Reached XP level 5. HP: 45/47 MP: 4/4
  1616 | D:4      | Found a basalt altar of Yredelemnul.
  1995 | D:5      | Entered Level 5 of the Dungeon
  2018 | D:5      | Reached XP level 6. HP: 31/55 MP: 5/5
  2256 | D:5      | HP: 2/55 [gnoll/+1 flail of distortion (6)]
  2257 | D:5      | Slain by a gnoll

Illustrated notes

....+ .... ... ..
####.####
#....... #....#
#.@..# #....#
#....# #....#
#####....#####..#
................#
#####....######.#
.....##........
####. #.#######


Turn 570 on D:3: Agh

Levels and vault maps discovered:
D:1:      minmay_arrival_plants_in_alcoves, layout_loops_ring
D:2:      cheibrodos_fertilizer, layout_basic,
          shapermc_ecumenical_altar_flowoftime, chequers_decorated_corner,
          minmay_hedge_maze
D:3:      layout_basic
D:4:      corexii_shack_village, layout_layer_cave,
          nicolae_overflow_hidden_temple, pf_just_have_faith,
          yredelemnul_altar_generic, hangedman_decor_points,
          kennysheep_generic_room_9
D:5:      corexii_shantytown, layout_basic, minmay_temple_entry_offerings

Skill      XL: |  1  2  3  4 |
---------------+-------------+-----
Polearms       | 4 5 |  5.7
Fighting       | 4 |  4.9
Dodging        | 3 |  3.6
Armour         | 3 |  3.7
Stealth        | |  0.5

Action                     |  1- 3 |  4- 6 || total
---------------------------+-------+-------++-------
  Melee: Spear             |    59 |   107 ||   166
         Headbutt          |    10 |    19 ||    29
         Punch             |       |     1 ||     1
 Invoke: Trog's Hand       |       |     1 ||     1
    Use: Scroll            |     1 |       ||     1
         Potion            |       |     3 ||     3
 Armour: Animal skin       |     5 |       ||     5
         Ring mail         |    13 |    22 ||    35
  Dodge: Dodged            |    39 |    52 ||    91
